 Dungeon Crawl Stone Soup version 0.27-a0-1191-g601b473118 (webtiles) character file.

Game seed: 7973165476291880662

1087 leviel the Cleaver (level 8, -3/64 HPs)
             Began as a Hill Orc Fighter on May 24, 2021.
             Was an Initiate of Beogh.
             Killed from afar by a steam dragon (6 damage)
             ... with a ball of steam
             ... on level 6 of the Dungeon.
             The game lasted 00:06:16 (5358 turns).

leviel the Cleaver (Hill Orc Fighter)               Turns: 5358, Time: 00:06:17

Health: -3/64      AC: 13    Str: 21    XL:     8   Next: 30%
Magic:  8/8        EV:  7    Int:  8    God:    Beogh [......]
Gold:   274        SH:  9    Dex: 10    Spells: 7/7 levels left

rFire    . . .     SeeInvis .   a - +0 war axe (elec)
rCold    . . .     Faith    .   c - +0 kite shield
rNeg     . . .     Spirit   .   b - +0 scale mail
rPois    .         Reflect  .   s - +1 hat
rElec    .         Harm     .   (no cloak)
rCorr    .         Rampage  .   o - +1 pair of gloves
Will     .....                  l - +2 pair of boots
Stlth    ..........             (no amulet)
HPRegen  0.20/turn              (no ring)
MPRegen  0.11/turn              (no ring)

@: weak-willed
A: no striking features
a: Renounce Religion


You were on level 6 of the Dungeon.
You worshipped Beogh.
Beogh was noncommittal.
You visited 1 branch of the dungeon, and saw 6 of its levels.

You collected 274 gold pieces.

Inventory:

Hand Weapons
 a - a +0 war axe of electrocution (weapon)
Missiles
 h - 10 javelins (quivered)
Armour
 b - a +0 scale mail (worn)
 c - a +0 kite shield (worn)
 l - a +2 pair of boots (worn)
 o - a +1 pair of gloves (worn)
 s - a +1 hat (worn)
Jewellery
 j - an amulet of magic regeneration
 r - a ring of ice {rC+ rF-}
 z - a ring of flight
Wands
 x - a wand of paralysis (6)
Scrolls
 d - 3 scrolls of identify {@r1}
 i - 4 scrolls of teleportation
 k - a scroll of fear {unknown}
 p - 2 scrolls of enchant armour {@r2}
 q - 2 scrolls of noise
Potions
 e - a potion of brilliance
 f - 2 potions of ambrosia
 g - a potion of mutation {unknown}
 m - 3 potions of attraction
 n - a potion of flight {unknown}
 t - a potion of magic {unknown}
 u - 2 potions of heal wounds {unknown}
 v - 3 potions of curing {unknown}
 w - a potion of resistance {unknown}


   Skills:
 - Level 3.6 Fighting
 + Level 12.3 Axes
 - Level 3.2 Armour
 - Level 3.2 Shields


You had 7 spell levels left.
You didn't know any spells.
Your spell library contained the following spells:

 Spells                   Type           Power      Damage    Failure   Level
 Magic Dart               Conj           0%         1d3       99%         1
 Searing Ray              Conj           0%         3d3       100%        2
 Dazzling Flash           Conj/Hex       0%         N/A       100%        3
 Fulminant Prism          Conj/Hex       0%         3d6       100%        4
 Iskenderun's Mystic Bla  Conj/Tloc      0%         2d3       100%        4
 Bolt of Magma            Conj/Fire/Erth 0%         4d4       100%        5
 Iskenderun's Battlesphe  Conj           0%         2d6       100%        5
 Iron Shot                Conj/Erth      0%         9d1       100%        6
 Orb of Destruction       Conj           0%         N/A       100%        7
 Spellforged Servitor     Conj/Summ      0%         N/A       100%        7


Dungeon Overview and Level Annotations

Branches:
Dungeon (6/15)             Temple (0/1) D:4

Altars:
Dithmenos
Elyvilon
Uskayaw
Zin

Annotations:
D:3 3 runed translucent doors, noodleboyJ's ghost, amateur DrMo


Message History

The ball of steam hits you but does no damage.
The steam dragon bites you but does no damage.
The steam dragon claws you but does no damage.
A wight comes into view. It is wielding a +2 scimitar.
The steam dragon barely misses you. x2
You closely miss the steam dragon.
The steam dragon is almost dead.
You miss the steam dragon.
You are engulfed in a cloud of scalding steam.
You feel less invigorated.
You feel less confused.
A nearby fungus withers and dies. x2
The steam dragon breathes steam at you. The ball of steam hits you!
* * * LOW HITPOINT WARNING * * *
A wight comes into view. It is wielding a +3 dagger.
The steam dragon bites you but does no damage.
The steam dragon claws you but does no damage.
You slash the steam dragon!
You kill the steam dragon!
Beogh accepts your kill.
You closely miss the steam dragon.
Your shield prevents you from hitting the wight.
A necrophage comes into view.
The steam dragon bites you!
* * * LOW HITPOINT WARNING * * *
You block the steam dragon's attack.
Your Axes skill increases to level 12!
As you read the scroll labelled MOCLAA ISTRIYDO, it crumbles to dust.
You hear a loud clanging noise!
It was a scroll of noise.
You block the wight's attack. The steam dragon bites you.
* * * LOW HITPOINT WARNING * * *
The steam dragon claws you but does no damage.
As you read the scroll labelled JEALOT XOADOS, it crumbles to dust.
Magic quickly surges around you.
It was a scroll of vulnerability.
You block the wight's attack. The steam dragon breathes steam at you.
The ball of steam hits you.
You die...

<.##.###... ###.........
###..# ... #......... .
. #.......## # #
........ . ### ....<...
. ###P.### ......## .
#P.≈.≈.####### ##.###≈
##P....≈§.≈.P≈#######≈^P
#P.....@z.§........≈.P.≈
#P....Dz..§.≈PPPP.......
#.≈....z#########.P.≈≈.^
##^.P≈^#n ########
##≈..# . # #### .. ..
..#


You could see a steam dragon (catching breath, weak-willed), a necrophage
(weak-willed) and 3 wights.

Vanquished Creatures
  A steam dragon (D:6)
  A water moccasin (D:5)
  A black bear (D:5)
  A necrophage (D:6)
  An orc warrior (D:5)
  A scorpion (D:6)
  2 bullfrog zombies (D:5)
  An orc priest (D:5)
  A hound (D:5)
  A jelly (D:5)
  A bullfrog skeleton (D:5)
  A centaur skeleton (D:6)
  2 iguanas
  2 orc wizards
  3 gnolls (D:4)
  5 adders
  An ufetubus (D:3)
  A worm (D:4)
  8 dart slugs
  15 orcs
  8 endoplasms
  5 giant cockroaches
  9 goblins
  10 hobgoblins
  11 jackals
  5 kobolds
  5 quokkas
  5 ball pythons
  3 bats
  3 frilled lizards
  2 jackal skeletons
  6 rats
122 creatures vanquished.

Vanquished Creatures (others)
  5 fungi (D:6)
5 creatures vanquished.

Grand Total: 127 creatures vanquished

Notes
Turn   | Place    | Note
-------+----------+-------------------------------------------
     0 | D:1      | leviel the Hill Orc Fighter began the quest for the Orb.
     0 | D:1      | Reached XP level 1. HP: 19/19 MP: 1/1
   142 | D:1      | Reached skill level 3 in Axes
   252 | D:1      | Reached XP level 2. HP: 25/26 MP: 2/2
   329 | D:1      | Reached skill level 4 in Axes
   349 | D:1      | Found a faded altar of an unknown god.
   703 | D:1      | Reached XP level 3. HP: 28/31 MP: 3/3
   976 | D:2      | Reached skill level 5 in Axes
  1315 | D:2      | Reached XP level 4. HP: 39/39 MP: 4/4
  1727 | D:3      | Reached skill level 6 in Axes
  2111 | D:3      | Found a white marble altar of Elyvilon.
  2337 | D:3      | Found a runed translucent gate.
  2337 | D:3      | Found a runed translucent gate.
  2337 | D:3      | Found a runed translucent gate.
  2338 | D:3      | Noticed a kobold brigand
  2338 | D:3      | Noticed noodleboyJ's ghost (amateur DrMo)
  2742 | D:4      | Reached XP level 5. HP: 45/45 MP: 5/5
  2754 | D:4      | Reached skill level 7 in Axes
  2880 | D:4      | Found a hide-covered altar of Uskayaw.
  2917 | D:4      | Found a glowing silver altar of Zin.
  3370 | D:4      | Found a shadowy altar of Dithmenos.
  3508 | D:4      | Found a staircase to the Ecumenical Temple.
  3513 | D:4      | Reached skill level 8 in Axes
  3513 | D:4      | Reached XP level 6. HP: 48/51 MP: 6/6
  3513 | D:4      | Became a worshipper of Beogh the Brigand
  3739 | D:5      | Entered Level 5 of the Dungeon
  3939 | D:5      | Noticed a black bear
  3942 | D:5      | Killed a black bear
  3943 | D:5      | Reached skill level 9 in Axes
  3981 | D:5      | Noticed an orc warrior
  3992 | D:5      | Reached XP level 7. HP: 33/57 MP: 7/7
  3998 | D:5      | Reached skill level 10 in Axes
  4647 | D:5      | Reached skill level 11 in Axes
  4941 | D:5      | Found the +8 trident of the Octopus King {venom, rElec
                  | rPois Will+}
  5049 | D:6      | Reached XP level 8. HP: 62/64 MP: 8/8
  5357 | D:6      | Reached skill level 12 in Axes
  5357 | D:6      | HP: 3/64 [steam dragon (3)]
  5358 | D:6      | Killed from afar by a steam dragon

Illustrated notes

Levels and vault maps discovered:
D:1:      lightli_arrival_statue_moat, layout_rooms, basic_ecumenical_altar,
          minmay_misc_feat_hallway
D:2:      layout_rooms
D:3:      layout_rooms, elyvilon_altar_5, gammafunk_ghost_nasty_kobolds,
          st_stairs_4, supply_closet_lemuel, minmay_misc_feat_tiny,
          chequers_decorated_corner, minmay_divided_ellipse
D:4:      layout_basic, kennysheep_little_box, general_overflow_altar,
          eat_drink_and_be_merry_uskayaw, minmay_temple_entry_proselytizer
D:5:      layout_basic
D:6:      kennysheep_steamy, layout_cave_pools, slow_altar_2,
          hangedman_decor_lopped

Skill      XL: |  1  2  3  4  5  6  7  8 |
---------------+-------------------------+-----
Axes           | 3 4 5 6 8 9 11 12 | 12.3
Fighting       | |  3.6
Armour         | |  3.2
Shields        | |  3.2

Action                   |  1- 3 |  4- 6 |  7- 9 || total
-------------------------+-------+-------+-------++-------
Melee: War axe           |    91 |   171 |    62 ||   324
Invok: Convert to Beogh  |       |     1 |       ||     1
  Use: Scroll            |       |    10 |     2 ||    12
       Potion            |       |     1 |     1 ||     2
Armor: Scale mail        |    39 |   103 |    37 ||   179
Dodge: Dodged            |    25 |    57 |    25 ||   107
Block: Kite shield       |    49 |   102 |    27 ||   178

Table legend: (Time is in decaauts)
 A = Elapsed time spent in this place.
 B = Non-inter-level travel time spent in this place.
 C = Inter-level travel time spent in this place.
 D = Time resting spent in this place.
 E = Time spent auto-exploring this place.
 F = Levels seen in this place.
 G = Mean time per level.
                   A        B        C        D        E       F      G
               +--------+--------+--------+--------+--------+-----+--------+
         Total |   5482 |   5302 |    180 |    945 |   3548 |   6 |  913.7 |
       Dungeon |   5482 |   5302 |    180 |    945 |   3548 |   6 |  913.7 |
               +--------+--------+--------+--------+--------+-----+--------+

Top non-repeatable levels by time:
     D:5: 1279 daAuts
     D:4: 1235 daAuts
     D:3: 1062 daAuts
     D:1: 994 daAuts
     D:2: 552 daAuts
     D:6: 358 daAuts
